 Dungeon Crawl Stone Soup version 0.28.0 (webtiles) character file.

Game seed: 15920902613262943917

8600 ragingrage the Severer (level 11, -10/106 HPs)
             Began as a Minotaur Berserker on Feb 5, 2022.
             Was an Elder of Trog.
             Mangled by a two-headed ogre (27 damage)
             ... on level 9 of the Dungeon.
             The game lasted 00:06:13 (10647 turns).

ragingrage the Severer (Minotaur Berserker)        Turns: 10647, Time: 00:06:14

Health: -10/106    AC: 12    Str: 27    XL:     11   Next: 12%
Magic:  10/10      EV: 11    Int:  4    God:    Trog [****..]
Gold:   516        SH:  0    Dex:  9    Spells: 10/10 levels left

rFire   . . .      SeeInvis .   b - +2 hand axe (flame)
rCold   . . .      Faith    .   (no shield)
rNeg    . . .      Spirit   .   B - +0 troll leather armour
rPois   .          Reflect  .   (helmet restricted)
rElec   .          Harm     .   e - +0 cloak
rCorr   .          Rampage  .   (no gloves)
Will    .....                   k - +2 pair of boots
Stlth   +.........              (no amulet)
HPRegen 1.07/turn               g - +4 ring of protection
MPRegen 0.12/turn               (no ring)

@: lethally poisoned (-10 -> -16), on berserk cooldown, slowed, very slow
A: horns 2, retaliatory headbutt
a: Renounce Religion, Berserk, Trog's Hand, Brothers in Arms


You were on level 9 of the Dungeon.
You worshipped Trog.
Trog was greatly pleased with you.
You visited 1 branch of the dungeon, and saw 9 of its levels.

You collected 516 gold pieces.

Inventory:

Hand Weapons
 a - a +3 war axe
 b - a +2 hand axe of flaming (weapon)
Missiles
 h - 22 poisoned darts (quivered)
 q - 2 javelins
Armour
 e - a +0 cloak (worn)
 k - a +2 pair of boots (worn)
 B - a +0 troll leather armour (worn)
Jewellery
 g - a +4 ring of protection (left hand)
Wands
 n - a wand of paralysis (6)
 z - a wand of mindburst (8)
 C - a wand of iceblast (8)
Scrolls
 c - 2 scrolls of amnesia {unknown}
 d - 12 scrolls of identify {unknown}
 m - 2 scrolls of magic mapping {unknown}
 o - 2 scrolls of summoning {unknown}
 s - 4 scrolls of vulnerability {unknown}
 t - a scroll of fear {unknown}
 v - 4 scrolls of teleportation {unknown}
 x - a scroll of enchant armour {unknown}
 y - a scroll of immolation {unknown}
 A - a scroll of noise {unknown}
 D - a scroll of holy word {unknown}
Potions
 f - 2 potions of mutation {unknown}
 i - a potion of ambrosia {unknown}
 j - 2 potions of degeneration {unknown}
 l - 3 potions of lignification {unknown}
 p - a potion of flight {unknown}
 r - 4 potions of curing {unknown}
 w - a potion of might {unknown}


   Skills:
 + Level 12.9 Fighting
 - Level 16.0 Axes
 + Level 3.3 Throwing
 - Level 2.4 Armour
 - Level 2.1 Dodging


You had 10 spell levels left.
You didn't know any spells.
Your spell library was empty.

Dungeon Overview and Level Annotations

Branches:
Dungeon (9/15)             Temple (0/1) D:4            Lair (0/6) D:8
    Orc: D:9-12

Altars:
Ashenzari
Cheibriados
Dithmenos
Elyvilon
Fedhas
Gozag
Hepliaklqana
Makhleb
Qazlal
Ru
Sif Muna
Trog
Xom
Yredelemnul
Zin

Annotations:
D:3 3 runed translucent doors, Arex's ghost, amateur VSFi; YungCoward's ghost, amateur HOFi
D:4 1 runed translucent door, willcat's ghost, amateur MiGl
D:7 2 transporters, dolemite99's ghost, novice MfGl
D:8 1 runed translucent door


Innate Abilities, Weirdness & Mutations

You have a pair of horns on your head.
You reflexively headbutt those who attack you in melee.


Message History

The kobold brigand throws a curare-tipped dart.
The curare-tipped dart hits you.
You are more poisoned.
You have difficulty breathing.
You feel as though you will be slow longer.
The two-headed ogre hits you with a +0 giant spiked club!
The two-headed ogre barely misses you.
Unknown command.
Throw: dart (curare)
Press: ? - help, Q - select action, (/) - cycle Shift-Dir - straight line, f/p - two-headed ogre
Aim: a two-headed ogre, wielding two +0 giant spiked clubs (77% to hit)
You throw a curare-tipped dart.
The curare-tipped dart hits the two-headed ogre.
The two-headed ogre is poisoned.
The two-headed ogre convulses.
The two-headed ogre seems to slow down.
The two-headed ogre is lightly wounded.
You feel very sick. The two-headed ogre closely misses you.
The two-headed ogre hits you with a +0 giant spiked club.
You fail to use your ability.
You feel very sick.
The kobold brigand throws a curare-tipped dart.
The curare-tipped dart hits you.
You are more poisoned.
You have difficulty breathing.
You feel as though you will be slow longer.
You fail to use your ability.
You feel extremely sick.
The two-headed ogre hits you with a +0 giant spiked club! x2
* * * LOW HITPOINT WARNING * * *
The kobold brigand hits you with a +0 short sword.
* * * LOW HITPOINT WARNING * * *
You hit the kobold brigand. You burn the kobold brigand.
The kobold brigand is moderately wounded.
You slash the two-headed ogre! You burn the two-headed ogre.
You feel very sick.
The kobold brigand hits you with a +0 short sword!
* * * LOW HITPOINT WARNING * * *
The two-headed ogre hits you with a +0 giant spiked club!!
You die...

.# .# .# .# #'############### .#
#..O...['[...'... .#..
#......)#....#... ##'#
#.......#....#
...#############O'''#############
...#............@...............#
####≈≈≈≈≈≈≈≈≈≈≈≈K...≈≈≈≈≈≈≈≈≈≈≈≈#
≈≈≈≈≈≈≈≈≈≈≈≈≈≈≈≈....≈≈≈≈≈≈≈≈≈≈≈≈≈
≈≈≈≈≈≈≈≈≈≈≈≈≈≈≈≈....≈≈≈≈≈≈≈≈≈≈≈≈≈
..............)..................
.......#.............##..........
.......#......)).....##....######
.......#.............##...)#.....
.......#.............##....'.....


You could see a two-headed ogre (very poisoned, slow) and a kobold brigand.

Vanquished Creatures
  A manticore (D:8)
  A cyclops (D:7)
  A komodo dragon (D:7)
  4 trolls
  6 yaks (D:9)
  A shadow (D:8)
  A wraith (D:9)
  2 steam dragons (D:7)
  9 wargs (D:9)
  A hell hound (D:9)
  5 water moccasins
  5 orc warriors
  4 sky beasts
  2 ice beasts (D:6)
  A black bear (D:6)
  A necrophage (D:7)
  3 ogres
  3 centaurs
  3 phantoms
  3 kobold brigands
  Blork the orc (D:4)
  4 bullfrogs
  A gnoll sergeant (D:9)
  A scorpion (D:6)
  A killer bee (D:7)
  3 wights (D:6)
  4 howler monkeys
  A centaur zombie (D:7)
  2 hounds
  A centaur skeleton (D:7)
  2 gnoll shamans (D:9)
  2 orc priests
  A jelly (D:5)
  4 iguanas
  5 orc wizards
  5 hound skeletons
  2 howler monkey zombies
  3 gnolls (D:9)
  2 howler monkey skeletons (D:7)
  6 adders
  2 shadow imps
  3 ufetubi
  An adder skeleton (D:4)
  A worm (D:5)
  5 dart slugs
  21 orcs
  10 endoplasms
  10 giant cockroaches
  3 goblins
  4 hobgoblins
  25 jackals
  18 kobolds
  2 quokkas (D:1)
  6 ball pythons
  8 bats
  4 frilled lizards
  11 rats
242 creatures vanquished.

Vanquished Creatures (others)
  A fungus (D:9)
  8 plants (D:7)
9 creatures vanquished.

Grand Total: 251 creatures vanquished

Notes
Turn   | Place    | Note
-------+----------+-------------------------------------------
     0 | D:1      | ragingrage the Minotaur Berserker began the quest for the
                  | Orb.
     0 | D:1      | Reached XP level 1. HP: 19/19 MP: 0/0
     1 | D:1      | Found a runed translucent door.
   275 | D:1      | Reached skill level 4 in Axes
   315 | D:1      | Reached XP level 2. HP: 9/27 MP: 1/1
   638 | D:1      | Found a faded altar of an unknown god.
   835 | D:1      | Reached XP level 3. HP: 33/33 MP: 2/2
  1424 | D:1      | Reached ** piety under Trog
  1436 | D:1      | Reached skill level 5 in Axes
  1696 | D:2      | Reached XP level 4. HP: 36/41 MP: 3/3
  2130 | D:2      | Reached *** piety under Trog
  2354 | D:3      | Found a shimmering blue altar of Sif Muna.
  2552 | D:3      | Reached skill level 6 in Axes
  2706 | D:3      | Found a runed translucent gate.
  2707 | D:3      | Found a runed translucent gate.
  2707 | D:3      | Found a runed translucent gate.
  2708 | D:3      | Noticed Arex's ghost (amateur VSFi)
  2709 | D:3      | Noticed YungCoward's ghost (amateur HOFi)
  2751 | D:3      | Reached XP level 5. HP: 47/47 MP: 4/4
  3056 | D:4      | Reached skill level 5 in Fighting
  3265 | D:4      | Noticed Blork the orc
  3274 | D:4      | Killed Blork the orc
  3430 | D:4      | Reached skill level 7 in Axes
  3430 | D:4      | Reached XP level 6. HP: 56/56 MP: 5/5
  3778 | D:4      | Found a staircase to the Ecumenical Temple.
  3798 | D:4      | Found a runed translucent door.
  3801 | D:4      | Noticed willcat's ghost (amateur MiGl)
  4460 | D:4      | Identified the +9 dagger of Disaster {vorpal, Int+8}
  4518 | D:4      | Reached skill level 8 in Axes
  4518 | D:4      | Reached XP level 7. HP: 54/63 MP: 6/6
  4781 | D:5      | Entered Level 5 of the Dungeon
  5170 | D:5      | Reached skill level 9 in Axes
  5532 | D:5      | Reached **** piety under Trog
  5934 | D:6      | Reached XP level 8. HP: 73/73 MP: 7/7
  6032 | D:6      | Found a bloodstained altar of Trog.
  6295 | D:6      | Reached skill level 10 in Axes
  6595 | D:6      | Reached skill level 11 in Axes
  6845 | D:6      | Found a sacrificial altar of Ru.
  7046 | D:6      | Found an opulent altar of Gozag.
  7188 | D:7      | Found a transporter.
  7193 | D:7      | Noticed dolemite99's ghost (novice MfGl)
  7196 | D:7      | Found a bloodstained altar of Trog.
  7205 | D:7      | Found a transporter.
  7217 | D:7      | Noticed a moth of wrath
  7322 | D:7      | Reached skill level 12 in Axes
  7322 | D:7      | Reached XP level 9. HP: 83/83 MP: 8/8
  7332 | D:7      | Noticed a komodo dragon
  7345 | D:7      | Killed a komodo dragon
  7480 | D:7      | Noticed a cyclops
  7487 | D:7      | Killed a cyclops
  7488 | D:7      | Reached skill level 13 in Axes
  7489 | D:7      | Reached skill level 10 in Fighting
  7867 | D:7      | Reached skill level 14 in Axes
  7902 | D:7      | Noticed a troll
  8230 | D:7      | Killed a troll
  8332 | D:7      | Reached XP level 10. HP: 80/94 MP: 9/9
  8588 | D:8      | Found a stormy altar of Qazlal.
  8592 | D:8      | Found a blossoming altar of Fedhas.
  8862 | D:8      | Found a runed translucent door.
  8930 | D:8      | Noticed a harpy
  8930 | D:8      | Noticed a cyclops
  8930 | D:8      | Noticed a deep elf pyromancer
  8930 | D:8      | Identified the +0 battleaxe "Ybycigg" {flame, rF+ rC-
                  | Will+++ Stlth+}
  8930 | D:8      | Noticed a skeletal warrior
  8930 | D:8      | Noticed a centaur warrior
  9022 | D:8      | Noticed a manticore
  9030 | D:8      | Killed a manticore
  9302 | D:8      | Found a staircase to the Lair.
  9330 | D:8      | Found a shadowy altar of Dithmenos.
  9331 | D:8      | Found a hazy altar of Hepliaklqana.
  9456 | D:8      | Noticed a water nymph
  9639 | D:9      | Found a snail-covered altar of Cheibriados.
  9651 | D:9      | Found a glowing silver altar of Zin.
  9665 | D:9      | Reached skill level 15 in Axes
  9956 | D:9      | Reached skill level 16 in Axes
 10098 | D:9      | Reached skill level 1 in Throwing
 10183 | D:9      | Found a broken altar of Ashenzari.
 10183 | D:9      | Found a burning altar of Makhleb.
 10185 | D:9      | Found a shimmering altar of Xom.
 10186 | D:9      | Found a basalt altar of Yredelemnul.
 10188 | D:9      | Found a white marble altar of Elyvilon.
 10427 | D:9      | Reached XP level 11. HP: 78/105 MP: 10/10
 10635 | D:9      | Noticed a two-headed ogre
 10647 | D:9      | Mangled by a two-headed ogre

Illustrated notes

Levels and vault maps discovered:
D:1:      dpeg_arrival_caged_fury, layout_basic,
          shapermc_ecumenical_altar_mp_urbaneastern
D:2:      layout_rooms, st_stairs_8
D:3:      layout_loops_cross, nicolae_overflow_crystal_walls,
          gammafunk_ghost_cemetery
D:4:      layout_basic, minmay_temple_entry_tees, serial_curves, eino_curves_04,
          eino_curves_04, hellmonk_ghost_happy_afterlife, uniq_blork_the_orc
D:5:      layout_loops_ring
D:6:      layout_basic, lemuel_crystal_altar, nicolae_ru_the_path_less_chosen,
          nicolae_gozag_seed_capital
D:7:      nzn_winding_woodlands_small [nzn_winding_woodlands_5x15_sidewinder,
          nzn_winding_woodlands_center_garden,
          nzn_winding_woodlands_5x15_river_crossing], layout_gridville,
          gammafunk_ghost_wrathful_warriors, grunt_tough_drop
D:8:      minmay_gate_of_8, layout_basic,
          grunt_temple_overflow_forces_of_nature,
          riverfiend_overflow_shadow_ancestor, lair_entry_dummy
D:9:      lemuel_castle_with_subvaults [lemuel_castle_interior_carwin_3],
          layout_stronghold, minitemple

Skill      XL: |  1  2  3  4  5  6  7  8  9 10 11 |
---------------+----------------------------------+-----
Axes           | 4 5 6 7 8 9 12 14 16 | 16.0
Fighting       | 4 5 6 7 9 10 12 | 12.9
Throwing       | 2 3 |  3.3
Armour         | |  2.4
Dodging        | |  2.1

Action                   |  1- 3 |  4- 6 |  7- 9 | 10-12 || total
-------------------------+-------+-------+-------+-------++-------
Melee: Hand axe          |   105 |   168 |    68 |    47 ||   388
       Headbutt          |    12 |    16 |    34 |    32 ||    94
       Dagger            |       |     4 |    26 |       ||    30
       War axe           |       |       |    78 |    79 ||   157
       Punch             |       |       |     2 |     3 ||     5
Throw: Dart              |       |       |     1 |     2 ||     3
Invok: Berserk           |     2 |     3 |     9 |    11 ||    25
Armor: Animal skin       |    14 |       |       |       ||    14
       Ring mail         |    18 |    56 |    66 |       ||   140
       Troll leather arm |       |       |     1 |    49 ||    50
Dodge: Dodged            |    69 |    75 |    81 |    75 ||   300
